 Dungeon Crawl Stone Soup version 0.29-a0-384-g6960b1960d (webtiles) character file.

Game seed: 13990966513186867821

315 zeratav the Skirmisher (level 6, 0/45 HPs)
             Began as an Octopode Transmuter on May 7, 2022.
             Slain by a gnoll
             ... wielding a +0 spear
              (4 damage)
             ... on level 4 of the Dungeon.
             The game lasted 00:07:30 (4934 turns).

zeratav the Skirmisher (Octopode Transmuter)        Turns: 4934, Time: 00:07:31

Health: 0/45       AC:  1    Str: 10    XL:     6   Next: 43%
Magic:  2/9        EV: 13    Int: 17    God:
Gold:   173        SH:  0    Dex: 12    Spells: 7/9 levels left

rFire   . . .      SeeInvis +     - Unarmed
rCold   . . .      Faith    .   (no shield)
rNeg    . . .      Spirit   .   (helmet restricted)
rPois   .          Reflect  .   j - amulet of the acrobat
rElec   .          Harm     .   i - ring of see invisible
rCorr   .          Rampage  .   (no ring)
Will    .....                   (no ring)
Stlth   +++.......              (no ring)
HPRegen 0.15/turn               (no ring)
MPRegen 0.11/turn               (no ring)
                                (no ring)
                                (no ring)

@: very slightly contaminated
A: almost no armour, amphibious, 8 rings, camouflage 1, gelatinous body 1,
(nimble swimmer 1), tentacles
a: no special abilities


You were on level 4 of the Dungeon.
You visited 1 branch of the dungeon, and saw 4 of its levels.

You collected 173 gold pieces.


Innate Abilities, Weirdness & Mutations

You cannot wear most types of armour.
You are amphibious.
You can wear up to eight rings at the same time.
Your skin changes colour to match your surroundings (Stealth+).
Your rubbery body absorbs attacks. (AC +1, EV +1)
((You are camouflaged when in or above water. (Stealth+)))
You have tentacles for arms and can constrict up to eight enemies at once.


   Skills:
 + Level 4.8 Fighting
 - Level 2.3 Dodging
 - Level 1.5 Stealth
 - Level 3.5 Unarmed Combat
 - Level 2.0 Spellcasting
 - Level 2.0 Transmutations
 + Level 2.7 Ice Magic


You had 7 spell levels left.
You knew the following spells:

 Your Spells              Type           Power      Damage    Failure   Level
a - Beastly Appendage     Tmut           16%        N/A       9%          1
b - Freeze                Ice            44%        1d6       6%          1

Your spell library contained the following spells:

 Spells                   Type           Power      Damage    Failure   Level
 Wereblood                Tmut           8%         N/A       13%         2
 Foxfire                  Conj/Fire      4%         2x1d4     19%         1
 Slow                     Hex            4%         N/A       19%         1
 Frozen Ramparts          Ice            22%        1d4       19%         3
 Spider Form              Tmut/Pois      5%         N/A       36%         3
 Ignite Poison            Fire/Tmut/Pois 3%         N/A       41%         3
 Conjure Flame            Conj/Fire      1%         6-21      50%         3
 Inner Flame              Hex/Fire       1%         N/A       50%         3
 Ice Form                 Ice/Tmut       9%         N/A       58%         4
 Hailstorm                Conj/Ice       6%         3d4       73%         4
 Anguish                  Hex/Necr       0%         N/A       88%         4
 Flame Wave               Conj/Fire      1%         2d4       88%         4
 Yara's Violent Unravell  Hex/Tmut       2%         3d3       98%         5

Inventory:

Jewellery
 f - an amulet of faith {!P}
   (You found it on level 2 of the Dungeon)
 i - a ring of see invisible (left tentacle)
   (You found it on level 3 of the Dungeon)
 j - an amulet of the acrobat (around mantle)
   (You found it on level 3 of the Dungeon)
Scrolls
 c - a scroll of teleportation {@r4}
 d - 3 scrolls of identify {@r1}
 e - a scroll of poison {!r}
 g - a scroll of blinking {!r}
 h - a scroll of summoning
Potions
 a - a potion of attraction {unknown}
 b - 6 potions of curing {unknown}

Dungeon Overview and Level Annotations

Branches:
Dungeon (4/15)
 Temple: D:4-7

Altars:

Shops:
D:3 (

Annotations:
D:2 Sigmund
D:3 1 runed translucent door, Crazy Yiuf, Grinder

.#..##.##.#...#..#
#................####
#.##..#..<....#......
.>......####.#..#### ..
#.............### ....
#.....####......#
....####...g...##......#
.......#.....#..#..#####
.........@...##>..## #
.......##†...###..## ##
.........S...#.....# ##.
#.......nK##...###.#####..
.............###.......#.#
.....#..##...# #.......#.#
.... #.#.##...##.......#.#
... #. .: ....#.........#
.# #.w##..#.......###


You could see a necrophage (ally target), a gnoll, a friendly adder (summoned)
and a friendly kobold (summoned).


Message History

Your kobold hits the goblin with a +0 dagger.
Your phantom barely misses the adder.
HP[-2]
You take 2 damage, and now have 24/44 hp.
You feel sick.
The goblin dies!
Something barely misses your phantom. The necrophage hits your phantom.
Something closely misses your phantom.
Your phantom barely misses the scorpion.
Your kobold hits the scorpion but does no damage.
HP[-1]
You take 1 damage, and now have 23/44 hp.
Casting: Freeze (safe; 8% risk of failure)
Confirm with . or Enter, or press ? or * to list all spells.
Aiming: Freeze (safe; 8% risk of failure)
Press: ? - help, Shift-Dir - straight line, f/p - scorpion
Aim: a scorpion (moderately wounded, ally target)
You freeze the scorpion.
You feel sick.
Your adder bites the scorpion but does no damage.
The scorpion misses you. Something bites your phantom.
The necrophage closely misses your phantom.
Your adder bites the scorpion.
Your phantom barely misses the scorpion.
The dart slug launches a dart at you. The slug dart hits your phantom.
Your kobold completely misses the scorpion.
HP[-1]
You take 1 damage, and now have 22/44 hp.
Casting: Freeze (safe; 8% risk of failure)
Confirm with . or Enter, or press ? or * to list all spells.
Aiming: Freeze (safe; 8% risk of failure)
Press: ? - help, Shift-Dir - straight line, f/p - scorpion
Aim: a scorpion (heavily wounded, ally target)
You freeze the scorpion.
You feel sick. The scorpion stings you.
* * * LOW HITPOINT WARNING * * *
Something bites your phantom but does no damage.
Your adder bites the scorpion but does no damage.
The necrophage hits your phantom. The scorpion barely misses you.
Your kobold misses the scorpion.
HP[-7] MP[-1]
You take 7 damage, and now have 15/44 hp.
You lost 1 mp, and now have 6/9 mp.
Casting: Freeze (safe; 8% risk of failure)
Confirm with . or Enter, or press ? or * to list all spells.
Aiming: Freeze (safe; 8% risk of failure)
Press: ? - help, Shift-Dir - straight line, f/p - scorpion
Aim: a scorpion (severely wounded, ally target)
You freeze the scorpion.
You feel sick.
You are no longer poisoned.
Your adder bites the scorpion.
The scorpion dies!
The dart slug bites your phantom.
Your phantom hits the dart slug!
Your phantom blinks!
The dart slug blinks!
MP[-1]
You now have 45 max hp (+1).
You lost 1 mp, and now have 5/9 mp.
You barely miss the adder. Your grab misses the adder.
Your adder misses the adder.
The gnoll hits you from afar with a +0 spear!
* * * LOW HITPOINT WARNING * * *
The adder bites you.
* * * LOW HITPOINT WARNING * * *
Your adder barely misses the adder.
HP[-11]
You take 11 damage, and now have 4/45 hp.
MASSIVE DAMAGE!! (PAUSE)
Casting: Freeze (safe; 6% risk of failure)
Confirm with . or Enter, or press ? or * to list all spells.
Aiming: Freeze (safe; 6% risk of failure)
Press: ? - help, Shift-Dir - straight line, f - adder
Aim: an adder (ally target)
You freeze the adder.
Your kobold closely misses the adder.
The adder closely misses you. The gnoll barely misses you.
The necrophage hits your adder.
Your adder bites the adder but does no damage.
MP[-1]
You lost 1 mp, and now have 4/9 mp.
Casting: Freeze (safe; 6% risk of failure)
Confirm with . or Enter, or press ? or * to list all spells.
Aiming: Freeze (safe; 6% risk of failure)
Press: ? - help, Shift-Dir - straight line, f/p - adder
Aim: an adder (moderately wounded, ally target)
You miscast Freeze.
You are very lightly contaminated with residual magic.
Nothing appears to happen.
The adder closely misses you.
Your kobold hits the adder with a +0 dagger.
Your adder misses the adder. The necrophage misses your adder.
The gnoll closely misses you.
MP[-1]
You lost 1 mp, and now have 3/9 mp.
Casting: Freeze (safe; 6% risk of failure)
Confirm with . or Enter, or press ? or * to list all spells.
Aiming: Freeze (safe; 6% risk of failure)
Press: ? - help, Shift-Dir - straight line, f/p - adder
Aim: an adder (heavily wounded, not watching you, ally target)
You freeze the adder.
You kill the adder!
Your adder bites the necrophage.
The necrophage misses your adder.
The gnoll hits you from afar with a +0 spear.
You die...

Skill      XL: |  1  2  3  4  5 |
---------------+----------------+-----
Stealth        | 1 |  1.5
Fighting       | 2 3 4 |  4.8
Ice Magic      | 2 |  2.7
Dodging        | |  2.3
Unarmed Combat | |  3.5
Spellcasting   | |  2.0
Transmutations | |  2.0

Action                   |  1- 3 |  4- 6 || total
-------------------------+-------+-------++-------
Melee: Unarmed           |    66 |    61 ||   127
       Constrict         |    19 |    15 ||    34
       Kick              |    12 |     6 ||    18
       Tentacles         |    10 |    13 ||    23
       Punch             |     1 |     1 ||     2
 Cast: Beastly Appendage |     9 |     6 ||    15
       Freeze            |       |    59 ||    59
  Use: Scroll            |       |     5 ||     5
       Potion            |       |     1 ||     1
 Stab: Sleeping          |    10 |     3 ||    13
Armor: Skin              |     5 |     9 ||    14
Dodge: Dodged            |    28 |    73 ||   101

Levels and vault maps discovered:
D:1:      scummos_arrival_gate, layout_loops_ring,
          dreamdust_ecumenical_altar_angels_and_demons, moated_statue
D:2:      layout_rooms, uniq_sigmund
D:3:      minmay_spotlight, layout_basic, serial_shops, nicolae_square_shop,
          uniq_grinder, uniq_crazy_yiuf_cottage
D:4:      layout_rooms, minmay_temple_entry_mist, serial_curves, eino_curves_02,
          eino_curves_03, minmay_pentomino_pile

Notes
Turn   | Place    | Note
-------+----------+-------------------------------------------
     0 | D:1      | zeratav the Octopode Transmuter began the quest for the
                  | Orb.
     0 | D:1      | Reached XP level 1. HP: 13/13 MP: 3/3
     0 | D:1      | magus.rc [v1.9.6]
    63 | D:1      | Reached XP level 2. HP: 8/18 MP: 5/5
   504 | D:1      | Reached skill level 1 in Stealth
   692 | D:1      | Found a faded altar of an unknown god.
   821 | D:1      | You pick up a book of Flames and begin reading...
   821 | D:1      | You add the spells Foxfire, Conjure Flame, Inner Flame and
                  | Flame Wave to your library.
   946 | D:1      | Reached XP level 3. HP: 23/23 MP: 4/6
  1257 | D:2      | Reached skill level 2 in Fighting
  1383 | D:2      | Reached XP level 4. HP: 27/30 MP: 5/7
  1568 | D:2      | Reached skill level 3 in Fighting
  1856 | D:2      | You add the spells Slow, Ignite Poison, Anguish and Yara's
                  | Violent Unravelling to your library.
  1856 | D:2      | Got the Incunabulum of the Arsonist and Beguiling
  2049 | D:2      | You pick up a book of Frost and begin reading...
  2049 | D:2      | You add the spells Freeze, Frozen Ramparts and Hailstorm to
                  | your library.
  2218 | D:2      | Noticed Sigmund
  2564 | D:3      | Learned a level 1 spell: Freeze
  2574 | D:3      | Reached XP level 5. HP: 16/37 MP: 2/8
  2994 | D:3      | Found Axamouq's Antique Weapon Shoppe.
  3041 | D:3      | Reached skill level 4 in Fighting
  3041 | D:3      | Reached skill level 1 in Ice Magic
  3272 | D:3      | Reached skill level 2 in Ice Magic
  3323 | D:3      | Reached XP level 6. HP: 20/44 MP: 3/9
  3945 | D:3      | Noticed Grinder
  3972 | D:3      | Found a runed translucent door.
  3973 | D:3      | Noticed Crazy Yiuf
  4931 | D:4      | HP: 8/45 [gnoll/+0 spear (7)]
  4934 | D:4      | Slain by a gnoll

Vanquished Creatures
  A necrophage (D:3)
  An iguana (D:3)
  A gnoll (D:3)
  10 adders
  4 worms
  A dart slug (D:3)
  An orc (D:3)
  5 bats
  4 endoplasms
  4 giant cockroaches
  8 goblins
  2 hobgoblins (D:1)
  3 jackals (D:1)
  7 kobolds
  4 quokkas
  4 ball pythons
  3 frilled lizards
  8 rats
71 creatures vanquished.

Vanquished Creatures (collateral kills)
  A scorpion (D:4)
  A goblin (D:4)
2 creatures vanquished.

Grand Total: 73 creatures vanquished

Table legend:
 A = Non-vault XP
 B = Vault XP
 C = Vault XP percentage of total XP
 D = Non-vault monster count
 E = Vault monster count
 F = Vault count percentage of total count
                 A         B        C        D         E       F
            +---------+---------+-------+---------+---------+-------
      Total |     431 |      32 |   6.9 |      68 |       5 |   6.8
            +---------+---------+-------+---------+---------+-------
        D:1 |      43 |       0 |   0.0 |      25 |       0 |   0.0
        D:2 |     120 |       0 |   0.0 |      26 |       0 |   0.0
        D:3 |     166 |      32 |  16.2 |      11 |       5 |  31.2
        D:4 |     102 |       0 |   0.0 |       6 |       0 |   0.0
            +---------+---------+-------+---------+---------+-------

Illustrated notes

Table legend:
 A = Kills in this place as a percentage of kills in entire the game.
 B = Kills by you in this place as a percentage of kills by you in the entire game.
 C = Kills by friends in this place as a percentage of kills by friends in the entire game.
 D = Other kills in this place as a percentage of other kills in the entire game.
 E = Experience gained in this place as a percentage of experience gained in the entire game.
 F = Experience gained in this place divided by the number of levels of this place that you have seen.
                   A       B       C       D       E      F
               +-------+-------+-------+-------+-------+----------------------
         Total | 100.0 | 100.0 | 100.0 |   N/A | 100.0 | 115.8
       Dungeon | 100.0 | 100.0 | 100.0 |   N/A | 100.0 | 115.8
               +-------+-------+-------+-------+-------+----------------------

Table legend: (Time is in decaauts)
 A = Elapsed time spent in this place.
 B = Non-inter-level travel time spent in this place.
 C = Inter-level travel time spent in this place.
 D = Time resting spent in this place.
 E = Time spent auto-exploring this place.
 F = Levels seen in this place.
 G = Mean time per level.
                   A        B        C        D        E       F      G
               +--------+--------+--------+--------+--------+-----+--------+
         Total |   4925 |   4646 |    279 |   1999 |   2009 |   4 | 1231.2 |
       Dungeon |   4925 |   4646 |    279 |   1999 |   2009 |   4 | 1231.2 |
               +--------+--------+--------+--------+--------+-----+--------+

Top non-repeatable levels by time:
     D:3: 2144 daAuts
     D:2: 1249 daAuts
     D:1: 1244 daAuts
     D:4: 287 daAuts
